 Dungeon Crawl Stone Soup version 0.17-a0-1946-gfb768fe (webtiles) character file.

4925 tp1 the Protected (level 10, -2/56 HPs)
             Began as a Gargoyle Berserker on Oct 1, 2015.
             Was an Elder of Trog.
             Slain by a spiny frog (3 damage)
             ... on level 1 of the Lair of Beasts.
             The game lasted 00:59:40 (6903 turns).

tp1 the Protected (Gargoyle Berserker)              Turns: 6903, Time: 00:59:41

Health: -2/56      AC: 23    Str: 24    XL:     10   Next: 52%
Magic:  10/10      EV:  7    Int:  8    God:    Trog [****..]
Gold:   456        SH:  0    Dex:  9    Spells: 0 memorised, 9 levels left

rFire  . . .     SeeInvis .     C - +4 battleaxe
rCold  . . .     Clarity  .     S - +0 plate armour
rNeg   + . .     SustAt   .     (no shield)
rPois  ∞         Gourm    .     E - +0 helmet
rElec  +         Spirit   .     (no cloak)
rCorr  .         Warding  .     (no gloves)
rMut   .         Stasis   .     (no boots)
MR     .....                    (no amulet)
Stlth  ..........               (no ring)
                                (no ring)

@: not resistant to hostile enchantments, extremely unstealthy
A: negative energy resistance 1, electricity resistance, unbreathing,
petrification resistance, rot immunity, AC +7
a: Burn Spellbooks, Berserk, Trog's Hand, Brothers in Arms, Renounce Religion


You were on level 1 of the Lair of Beasts.
You worshipped Trog.
Trog was greatly pleased with you.
You were very hungry.

You visited 2 branches of the dungeon, and saw 10 of its levels.

You collected 456 gold pieces.

Inventory:

Hand weapons
 f - a +6 quick blade
 j - a +2 mace of protection
 C - a +4 battleaxe (weapon)
 N - a +0 dire flail
Armour
 b - a +0 animal skin
 e - a +0 chain mail
 E - a +0 helmet (worn)
 G - a cursed +0 chain mail
 M - a +2 chain mail of cold resistance
 S - a +0 plate armour (worn)
Jewellery
 P - an uncursed ring of protection from cold {unknown}
Magical devices
 l - a wand of slowing (30)
 m - a wand of teleportation (5)
 v - a wand of digging (14)
 w - a wand of lightning (8)
 J - a wand of draining (4)
 O - a wand of lightning (6)
 R - a wand of paralysis (14)
Scrolls
 g - a scroll of magic mapping
 p - a scroll of random uselessness
 r - 2 scrolls of blinking
 t - 2 scrolls of teleportation
 u - 4 scrolls of identify
 y - a scroll of recharging
 z - a scroll of fog
 D - a scroll of brand weapon {unknown}
 Q - a scroll of enchant weapon
Potions
 i - 2 potions of poison
 n - 4 potions of might
 q - a potion of cancellation
 s - 3 potions of degeneration
 I - a potion of agility {unknown}
 K - a potion of ambrosia {unknown}
 L - a potion of resistance {unknown}
Books
 a - a book of Unlife

   Spells                             Type                      Level
   a - Recall                         Summoning/Translocation      3
   b - Animate Dead                   Necromancy                   4
   c - Control Undead                 Necromancy                   4
   d - Cigotuvi's Embrace             Necromancy                   5
   e - Death Channel                  Necromancy                   6
   f - Simulacrum                     Ice/Necromancy               6
   Trog disapproves of the use of such an item.
 x - a book of Power

   Spells                             Type                      Level
   a - Fulminant Prism                Conjuration/Hexes            4
   b - Iskenderun's Mystic Blast      Conjuration                  4
   c - Venom Bolt                     Conjuration/Poison           5
   d - Bolt of Magma                  Conjuration/Fire/Earth       5
   e - Iron Shot                      Conjuration/Earth            6
   f - Orb of Destruction             Conjuration                  7
   g - Spellforged Servitor           Conjuration/Summoning        7
   Trog disapproves of the use of such an item.
 B - a book of Clouds

   Spells                             Type                      Level
   a - Mephitic Cloud                 Conjuration/Poison/Air       3
   b - Conjure Flame                  Conjuration/Fire             3
   c - Poisonous Cloud                Conjuration/Poison/Air       6
   d - Freezing Cloud                 Conjuration/Ice/Air          6
   e - Ring of Flames                 Charms/Fire                  7
   Trog disapproves of the use of such an item.
 F - a book of Cantrips

   Spells                             Type                      Level
   a - Corona                         Hexes                        1
   b - Animate Skeleton               Necromancy                   1
   c - Summon Small Mammal            Summoning                    1
   d - Apportation                    Translocation                1
   Trog disapproves of the use of such an item.
 H - a book of Hinderance

   Spells                             Type                      Level
   a - Confusing Touch                Hexes                        2
   b - Confuse                        Hexes                        3
   c - Gell's Gravitas                Hexes/Translocation          3
   d - Petrify                        Transmutation/Earth          4
   e - Metabolic Englaciation         Hexes/Ice                    5
   Trog disapproves of the use of such an item.
Comestibles
 c - 2 bread rations
 d - 8 meat rations
 k - 2 beef jerkies
 o - a slice of pizza
 A - 2 royal jellies


   Skills:
 * Level 3.5 Fighting
 + Level 1.0 Short Blades
 + Level 9.8(10.4) Axes
 - Level 6.3(9.3) Maces & Flails
 + Level 10.1 Armour
 - Level 1.5 Dodging


You had 9 spell levels left.
You didn't know any spells.

Dungeon Overview and Level Annotations

Branches:
Dungeon (9/15)             Temple (0/1) D:4            Lair (1/8) D:9
    Orc (0/4) D:9

Altars:
Ashenzari
Cheibriados
Elyvilon
Fedhas
Nemelex Xobeh
Okawaru
Qazlal
Sif Muna
Trog
Xom
Zin
The Shining One
Beogh

Shops:
D:4 (   D:7 }


Innate Abilities, Weirdness & Mutations

You are resistant to torment.
Your stone body is resilient (AC +7).
You are immune to poison.
You resist negative energy.
You are resistant to electric shocks.
You can survive without breathing.
You are immune to petrification.
You are immune to rotting.


Message History

The komodo dragon completely misses you.
You hit the komodo dragon.
The komodo dragon is almost dead.
You hit the spiny frog.
The spiny frog is moderately wounded.
The spiny frog stings you!
* * * LOW HITPOINT WARNING * * *
The komodo dragon bites you but does no damage.
The spiny frog completely misses you. The spiny frog barely misses you.
The spiny frog closely misses you.
You see here a chain mail.
The spiny frog completely misses you.
The spiny frog stings you but does no damage.
You slash the spiny frog!
The spiny frog is heavily wounded.
The spiny frog stings you.
* * * LOW HITPOINT WARNING * * *
The spiny frog stings you.
You die...

###
#######.########
.......<........
+###.###........
.......#@......[
.......#Fl......
.......#........
............####
........#...P#
........#...##
........#....#
........#...##
........#...#


You could see a komodo dragon and a spiny frog.

Vanquished Creatures
  Sigmund (D:3)
  5 yaks (D:9)
  A hungry ghost (D:8)
  Eustachio (D:4)
  2 hippogriffs
  A water moccasin (D:7)
  2 ice beasts
  3 orc warriors
  2 phantoms
  2 ogres
  2 black bears (D:7)
  A big kobold (D:7)
  4 giant frogs
  2 centaurs
  2 scorpions
  6 killer bees (D:8)
  10 wights
  4 lava snakes (D:7)
  4 crimson imps
  A giant frog zombie (D:7)
  3 hounds
  4 orc priests
  An iguana (D:7)
  3 jellies
  4 worker ants
  A giant frog skeleton (D:7)
  2 orc wizards
  A hound zombie (D:6)
  3 adders
  2 gnolls
  A shadow imp (D:7)
  2 adder skeletons
  3 worms
  2 giant geckos
  51 orcs
  9 giant cockroaches
  3 hobgoblins
  7 jackals
  15 kobolds
  5 quokkas
  A ball python skeleton (D:5)
  4 bats
  2 giant gecko skeletons
  3 giant newts
  5 goblins
  A quokka skeleton (D:5)
  4 rats
  A plant (D:7)
199 creatures vanquished.

Vanquished Creatures (collateral kills)
  An orc warrior (D:9)
  An orc priest (D:9)
  6 orcs (D:9)
8 creatures vanquished.

Grand Total: 207 creatures vanquished

Notes
Turn   | Place    | Note
--------------------------------------------------------------
     0 | D:1      | tp1 the Gargoyle Berserker began the quest for the Orb.
     0 | D:1      | Reached XP level 1. HP: 14/14 MP: 1/1
   115 | D:1      | Reached XP level 2. HP: 10/19 MP: 2/2
   825 | D:2      | Acquired Trog's second power
   848 | D:2      | Found a shattered altar of Ashenzari.
   866 | D:2      | Reached XP level 3. HP: 23/23 MP: 3/3
  1181 | D:3      | Reached skill level 4 in Armour
  1317 | D:3      | Found a deep blue altar of Sif Muna.
  1317 | D:3      | Found an iron altar of Okawaru.
  1346 | D:3      | Noticed Sigmund
  1354 | D:3      | Killed Sigmund
  1354 | D:3      | Reached skill level 6 in Armour
  1354 | D:3      | Reached XP level 4. HP: 22/28 MP: 4/4
  1354 | D:3      | Reached XP level 5. HP: 25/32 MP: 5/5
  1386 | D:3      | Found a bloodstained altar of Trog.
  1393 | D:3      | Found a faded altar to an unknown god.
  1648 | D:3      | Reached XP level 6. HP: 37/37 MP: 6/6
  1912 | D:4      | Reached skill level 7 in Armour
  1926 | D:4      | Noticed Eustachio
  2122 | D:4      | Killed Eustachio
  2122 | D:4      | Reached skill level 8 in Armour
  2122 | D:4      | Reached XP level 7. HP: 27/41 MP: 7/7
  2300 | D:4      | Found a staircase to the Ecumenical Temple.
  2393 | D:4      | Found Punaocwot's Weapon Shoppe.
  2502 | D:5      | Entered Level 5 of the Dungeon
  2919 | D:5      | Reached skill level 1 in Maces & Flails
  3247 | D:5      | Found a blossoming altar of Fedhas.
  3365 | D:5      | Reached XP level 8. HP: 46/46 MP: 8/8
  3546 | D:6      | Reached skill level 5 in Maces & Flails
  4458 | D:6      | Reached skill level 5 in Axes
  4482 | D:7      | Found Gucaul's Gadget Shoppe.
  4530 | D:7      | Reached XP level 9. HP: 51/51 MP: 9/9
  4705 | D:7      | Found a blossoming altar of Fedhas.
  4711 | D:7      | Found a stormy altar of Qazlal.
  4726 | D:7      | Reached skill level 9 in Armour
  4942 | D:7      | HP: 2/51 [hippogriff (4)]
  5037 | D:7      | Identified a scroll of acquirement
  5368 | D:8      | Found a snail-covered altar of Cheibriados.
  5439 | D:8      | Acquired Trog's third power
  5606 | D:8      | Reached XP level 10. HP: 56/56 MP: 10/10
  5703 | D:8      | Found a shimmering altar of Xom.
  5876 | D:8      | Found a glowing golden altar of the Shining One.
  5876 | D:8      | Found a glowing silver altar of Zin.
  5876 | D:8      | Found a white marble altar of Elyvilon.
  5974 | D:9      | Reached skill level 1 in Short Blades
  6173 | D:9      | Found a roughly hewn altar of Beogh.
  6173 | D:9      | Found a staircase to the Orcish Mines.
  6189 | D:9      | Reached skill level 10 in Armour
  6368 | D:9      | Found a staircase to the Lair.
  6454 | D:9      | Found a sparkling altar of Nemelex Xobeh.
  6832 | Lair:1   | Entered Level 1 of the Lair of Beasts
  6880 | Lair:1   | HP: 2/56 [spiny frog (10)]
  6903 | Lair:1   | HP: 1/56 [spiny frog (5)]
  6903 | Lair:1   | Slain by a spiny frog

Vault maps used:
D:1:      shiori_arrival_elements
D:2:      evilmike_ruin_ashenzari, uniq_jessica
D:3:      bloody_trog, gammafunk_temple_overflow_wave, ecumenical_altar_1,
          first_bread, kennysheep_generic_room_16, uniq_sigmund
D:4:      minmay_temple_entry_trees, serial_shops, kennysheep_mini_moat,
          minmay_close_crescents, uniq_eustachio
D:5:      fedhas_altar_4
D:7:      grunt_temple_overflow_forces_of_nature, serial_shops, shop,
          kennysheep_cluttered_room
D:8:      good_gods_mini_temple, xom_teletrap_fun, lemuel_doored_altar
D:9:      nemelex_deck, lair_0_dummy, david_orc_5
Lair:1:   serial_bayou_shore_a

Action                   |  1- 3 |  4- 6 |  7- 9 | 10-12 || total
-------------------------+-------+-------+-------+-------++-------
Melee: Hand axe          |   122 |   228 |    41 |       ||   391
       Mace              |       |       |   157 |       ||   157
       War axe           |       |       |    31 |       ||    31
       Battleaxe         |       |       |   137 |    92 ||   229
       Dire flail        |       |       |    52 |       ||    52
       Quick blade       |       |       |    51 |       ||    51
Invok: Berserk           |     2 |     4 |     5 |     3 ||    14
       Trog's Hand       |     1 |     4 |     7 |     2 ||    14
       Burn Spellbooks   |       |     1 |       |       ||     1
       Brothers in Arms  |       |       |       |     1 ||     1
  Use: Scroll            |     3 |       |    11 |       ||    14
       Potion            |     1 |       |     2 |     2 ||     5
  Eat: Chunk             |     3 |     4 |    15 |     6 ||    28
       Bread ration      |       |     1 |     1 |     2 ||     4
       Meat ration       |       |       |       |     1 ||     1
